 Dungeon Crawl Stone Soup version 0.30.1-3-gfc49f6343a (webtiles) character file.

Game seed: 6639491219691802621

511 spardeous the Conjurer (level 6, -1/45 HPs)
             Began as a Demigod Conjurer on Aug 4, 2023.
             Slain by a wyvern (2 damage)
             ... on level 5 of the Dungeon.
             The game lasted 00:04:07 (4363 turns).

spardeous the Conjurer (Demigod Conjurer)           Turns: 4363, Time: 00:04:08

Health: -1/45      AC:  3    Str:  8    XL:     6   Next: 66%
Magic:  5/16       EV: 12    Int: 28    God:
Gold:   121        SH:  0    Dex: 12    Spells: 11/14 levels left

rFire   . . .        A - +2 mace (protect)
rCold   . . .        (no shield)
rNeg    . . .        s - +0 animal skin
rPois   .            r - +0 helmet
rElec   .            (no cloak)
rCorr   .            (no gloves)
SInv    .            (no boots)
Will    .....        (no amulet)
Stlth   ++           (no ring)
HPRegen 0.27/turn    (no ring)
MPRegen 0.15/turn

%: no passive effects
@: no status effects
A: high MP 1, forlorn, divine attributes
a: no special abilities


You were on level 5 of the Dungeon.
You visited 1 branch of the dungeon, and saw 5 of its levels.

You collected 121 gold pieces.

Inventory:

Hand Weapons
 g - a +0 dagger
 A - a +2 mace of protection (weapon)
Armour
 a - a +0 robe
 r - a +0 helmet (worn)
 s - a +0 animal skin (worn)
 u - a +0 scale mail
Jewellery
 p - an amulet of guardian spirit
Wands
 t - a wand of flame (6)
 w - a wand of light (5)
Scrolls
 c - 4 scrolls of identify {unknown}
 d - a scroll of immolation {unknown}
 e - a scroll of butterflies {unknown}
 f - a scroll of silence {unknown}
 l - 2 scrolls of vulnerability {unknown}
 o - 5 scrolls of teleportation {unknown}
 y - a scroll of magic mapping {unknown}
 B - a scroll of fog {unknown}
Potions
 b - a potion of magic
 h - 3 potions of haste {unknown}
 i - 2 potions of ambrosia {unknown}
 j - 2 potions of heal wounds {unknown}
 k - a potion of resistance {unknown}
 m - a potion of berserk rage {unknown}
 n - a potion of brilliance {unknown}
 q - 2 potions of attraction {unknown}
 v - 2 potions of might {unknown}
 x - a potion of curing {unknown}
 z - a potion of lignification {unknown}


   Skills:
 - Level 1.7 Dodging
 - Level 1.7 Stealth
 + Level 4.6 Spellcasting
 + Level 6.0 Conjurations


You had 11 spell levels left.
You knew the following spells:

 Your Spells              Type           Power      Damage    Failure   Level
a - Magic Dart            Conj           100%       1d8       1%          1
b - Searing Ray           Conj           80%        2d7       1%          2

Your spell library contained the following spells:

 Spells                   Type           Power      Damage    Failure   Level
 Dazzling Flash           Conj/Hex       46%        N/A       6%          3
 Stone Arrow              Conj/Erth      46%        3d9       6%          3
 Sandblast                Erth           12%        2d6       7%          1
 Passwall                 Tmut/Erth      5%         N/A       11%         2
 Fulminant Prism          Conj/Hex       11%        3d8       21%         4
 Iskenderun's Mystic Bla  Conj/Tloc      23%        2d6       21%         4
 Ozocubu's Armour         Ice            6%         N/A       22%         3
 Metabolic Englaciation   Hex/Ice        3%         N/A       89%         5
 Simulacrum               Ice/Necr       3%         N/A       100%        6


Dungeon Overview and Level Annotations

Branches:
Dungeon (5/15)
 Temple: D:4-7


Innate Abilities, Weirdness & Mutations

You have an increased reservoir of magic. (+10% MP)
You shall have no god before yourself.
Your divine heritage dramatically boosts your attributes as you level up.


Message History

The magic dart hits the wyvern.
The wyvern is moderately wounded.
The wyvern barely misses you.
You now have 11/16 mp.
Casting: Magic Dart (safe; 1% risk of failure)
Confirm with . or Enter, or press ? or * to list all spells.
Aiming: Searing Ray (safe; 1% risk of failure)
Press: ? - help, Shift-Dir - straight line, f/p - wyvern
Aim: a wyvern (moderately wounded, 82% to hit)
The searing ray hits the wyvern.
The wyvern is moderately wounded. (Press . to maintain the ray.)
The wyvern bites you! The wyvern misses you.
You take 12 damage, and have 33/45 hp.
MASSIVE DAMAGE!!
You now have 10/16 mp.
The searing ray hits the wyvern but does no damage.
The wyvern is moderately wounded.
The wyvern closely misses you.
You now have 9/16 mp.
The searing ray hits the wyvern.
The wyvern is heavily wounded.
The wyvern bites you!
* * * LOW HITPOINT WARNING * * *
The wyvern completely misses you.
You take 17 damage, and have 17/45 hp.
MASSIVE DAMAGE!!
You now have 8/16 mp.
The searing ray hits the wyvern.
The wyvern is severely wounded.
You finish channelling your searing ray.
The wyvern bites you!
* * * LOW HITPOINT WARNING * * *
You take 16 damage, and have 1/45 hp.
MASSIVE DAMAGE!!
You now have 7/16 mp.
Casting: Searing Ray (safe; 1% risk of failure)
Confirm with . or Enter, or press ? or * to list all spells.
Aiming: Searing Ray (safe; 1% risk of failure)
Press: ? - help, Shift-Dir - straight line, f/p - wyvern
Aim: a wyvern (severely wounded, 82% to hit)
The searing ray hits the wyvern.
The wyvern is severely wounded. (Press . to maintain the ray.)
The wyvern bites you.
You die...

.########...#.#
#####......#
#..........#
#.###.....##
##...## ##.##
#.#
.###.#####.#
......l@...#
.###.#######


You could see a wyvern.

Vanquished Creatures
  A wyvern (D:5)
  A black bear (D:5)
  A scorpion (D:5)
  Ijyb (D:3)
  Robin (D:2)
  3 gnolls
  6 adders
  An ufetubus (D:4)
  A worm (D:3)
  2 dart slugs
  5 orcs (D:3)
  2 ball pythons (D:3)
  9 endoplasms
  A giant cockroach (D:3)
  11 goblins
  5 hobgoblins
  11 jackals
  4 quokkas
  4 bats
  5 kobolds
  5 rats
80 creatures vanquished.

Notes
Turn   | Place    | Note
-------+----------+-------------------------------------------
     0 | D:1      | spardeous the Demigod Conjurer began the quest for the Orb.
     0 | D:1      | Reached XP level 1. HP: 14/14 MP: 5/5
   204 | D:1      | Reached XP level 2. HP: 20/20 MP: 0/7
   575 | D:1      | Reached skill level 4 in Conjurations
  1154 | D:1      | Reached XP level 3. HP: 18/26 MP: 0/9
  1276 | D:1      | Learned a level 2 spell: Searing Ray
  1637 | D:2      | Noticed Robin
  1767 | D:2      | Killed Robin
  1768 | D:2      | Reached XP level 4. HP: 33/33 MP: 6/11
  2471 | D:3      | Noticed Ijyb
  2509 | D:3      | Killed Ijyb
  2782 | D:3      | Reached XP level 5. HP: 38/38 MP: 3/13
  3057 | D:3      | Reached skill level 5 in Conjurations
  3581 | D:4      | You fall into a shaft and drop 1 floor!
  3581 | D:5      | Entered Level 5 of the Dungeon
  3959 | D:5      | Noticed a wyvern
  3971 | D:5      | Killed a wyvern
  3972 | D:5      | Reached XP level 6. HP: 26/45 MP: 9/15
  4061 | D:5      | Reached skill level 6 in Conjurations
  4121 | D:5      | Identified the +8 sling of Ravage {elec, rElec rF- rN+++
                  | rCorr}
  4353 | D:5      | Noticed a wyvern
  4362 | D:5      | HP: 1/45 [wyvern (16)]
  4363 | D:5      | Slain by a wyvern

Illustrated notes

Levels and vault maps discovered:
D:1:      reono_arrival_forest_river, layout_basic, minmay_cupped
D:2:      layout_loops_ring, uniq_robin
D:3:      layout_basic, hex_large, nicolae_kite_square_tiling_tiny, uniq_ijyb
D:4:      layout_basic, mainiacjoe_overflow_tiny_flanked, chequers_jeans,
          nicolae_nh_oracle_at_delphi
D:5:      layout_loops_ring, st_stairs_4, kennysheep_generic_room_8

Skill      XL: |  1  2  3  4  5  6 |
---------------+-------------------+-----
Spellcasting   | 2 3 4 |  4.6
Conjurations   | 4 5 6 |  6.0
Dodging        | |  1.7
Stealth        | |  1.7

Action                     |  1- 3 |  4- 6 || total
---------------------------+-------+-------++-------
  Melee: Unarmed           |     2 |       ||     2
         Dagger            |    24 |     7 ||    31
         Punch             |     1 |       ||     1
   Cast: Magic Dart        |    69 |   110 ||   179
         Searing Ray       |     2 |    10 ||    12
 Armour: Robe              |     6 |       ||     6
         Animal skin       |       |     5 ||     5
  Dodge: Dodged            |    34 |    25 ||    59
